 Dungeon Crawl Stone Soup version 0.29.0-13-gc9e81de378 (webtiles) character file.

Game seed: 6091948217785567257

228 Persephone the Ducker (level 5, -1/67 HPs)
             Began as a Demigod Gladiator on Sept 7, 2022.
             Succumbed to a gnoll's poison
             ... on level 4 of the Dungeon.
             The game lasted 00:06:40 (3677 turns).

Persephone the Ducker (Demigod Gladiator)           Turns: 3677, Time: 00:06:41

Health: -1/67      AC: 22    Str: 19    XL:     5   Next: 42%
Magic:  7/7        EV:  2    Int:  5    God:
Gold:   74         SH:  0    Dex: 15    Spells: 4/4 levels left

rFire   + . .      SeeInvis .   a - +1 quarterstaff
rCold   + . .      Faith    .   (shield currently unavailable)
rNeg    + + .      Spirit   .   (body armour currently unavailable)
rPois   +          Reflect  .   (helmet currently unavailable)
rElec   +          Harm     .   (cloak currently unavailable)
rCorr   +          Rampage  +   (gloves currently unavailable)
Will    .....      NoTele   +   (boots currently unavailable)
Stlth   ++........              e - amulet "Qustialo" {RegenMP Rampage rN++ Int-3 Stlth+}
HPRegen 0.21/turn               (no ring)
MPRegen 0.50/turn               (no ring)

@: lethally poisoned (-1 -> -11), tree-form, resistant
A: stationary, stasis, torment immunity, boosted hp, high MP 1, forlorn, divine
attributes, dopey 1, MP-powered wands
a: no special abilities


You were on level 4 of the Dungeon.
You were a tree.
You visited 1 branch of the dungeon, and saw 4 of its levels.

You collected 74 gold pieces.

Inventory:

Hand Weapons
 a - a +1 quarterstaff (weapon)
Missiles
 d - 2 throwing nets (quivered)
 p - a javelin
Armour
 b - a +0 leather armour
 c - a +0 helmet (melded)
 f - a +0 chain mail (melded)
Magical Staves
 s - a staff of cold
Jewellery
 e - the amulet "Qustialo" (around neck) {RegenMP Rampage rN++ Int-3 Stlth+}
   (You acquired it on level 4 of the Dungeon)

   [amulet of magic regeneration]

   It increases your rate of magic regeneration.
   Int:       It affects your intelligence (-3).
   rN:        It greatly protects you from negative energy.
   Rampage:   It bestows one free step when moving towards enemies.
   Stlth:     It makes you more stealthy.
 i - an amulet of guardian spirit
Scrolls
 j - 2 scrolls of fog
 k - a scroll of enchant weapon
 m - 6 scrolls of identify
 o - a scroll of teleportation
 v - a scroll of silence {unknown}
Potions
 h - a potion of magic
 l - a potion of degeneration
 n - a potion of resistance


   Skills:
 + Level 3.4 Fighting
 + Level 4.0 Staves
 - Level 1.7 Throwing
 + Level 4.0 Dodging


You had 4 spell levels left.
You didn't know any spells.
Your spell library contained the following spells:

 Spells                   Type           Power      Damage    Failure   Level
 Conjure Flame            Conj/Fire      0%         6-21      85%         3
 Ignite Poison            Fire/Tmut/Pois 0%         N/A       85%         3
 Sticky Flame             Conj/Fire      0%         2d3       99%         4


Dungeon Overview and Level Annotations

Branches:
Dungeon (4/15)
 Temple: D:4-7

Shops:
D:2 (

Annotations:
D:4 Robin


Innate Abilities, Weirdness & Mutations

You are a tree.
Your roots penetrate the ground, keeping you stationary.
You cannot be teleported.
You are immune to unholy pain and torment.
Your maximum health is greatly increased.
Your equipment is partially melded.
You have an increased reservoir of magic. (+10% MP)
You shall have no god before yourself.
Your divine heritage dramatically boosts your attributes as you level up.
You are dopey. (Int -2)
You expend magic power (3 MP) to strengthen your wands.


Message History

The gnoll barely misses you.
Things that are here:
a +0 dagger; a +0 dagger; a goblin corpse You hit the gnoll.
The gnoll is moderately wounded.
You feel very sick.
The gnoll hits you with a +2 spear of venom.
You are more poisoned.
You sock the gnoll!
The gnoll is severely wounded.
You feel very sick.
The gnoll hits you with a +2 spear of venom.
You are lethally poisoned!
The gnoll hits you but does no damage.
You are more poisoned.
You hit the gnoll.
You kill the gnoll!
You feel extremely sick.
Unknown command.
You feel protected.
* * * LOW HITPOINT WARNING * * *
You feel very sick. The goblin closely misses you.
It was a potion of lignification.
You turn into a tree.
Your +0 helmet melds into your body.
Your +0 chain mail melds into your body.
Your roots penetrate the ground.
* * * LOW HITPOINT WARNING * * *
You feel very sick. The goblin hits you but does no damage.
It was a potion of flight.
Your roots keep you in place.
* * * LOW HITPOINT WARNING * * *
You feel very sick. The goblin hits you but does no damage.
You closely miss the goblin.
* * * LOW HITPOINT WARNING * * *
You feel very sick. The goblin hits you but does no damage.
You barely miss the goblin.
You die...

.... ..# ##
#.### ...
##...##....
#.........#
##....#..#
#....## #
#..###
#..#####♣##
......gg##
.......##
.......#
.......##
........#
..#.....##
## .
.###...#..#
.g###.......


You could see a hobgoblin and a goblin.

Vanquished Creatures
  A hound (D:3)
  Jessica (D:3)
  Terence (D:3)
  2 gnolls (D:4)
  7 adders
  A worm (D:3)
  A dart slug (D:3)
  6 ball pythons
  3 bats
  5 endoplasms
  4 giant cockroaches
  8 goblins
  6 hobgoblins
  5 jackals (D:2)
  3 kobolds
  3 quokkas
  5 frilled lizards
  A rat (D:2)
63 creatures vanquished.

Vanquished Creatures (others)
  A plant (D:1)
1 creature vanquished.

Grand Total: 64 creatures vanquished

Notes
Turn   | Place    | Note
-------+----------+-------------------------------------------
     0 | D:1      | Persephone the Demigod Gladiator began the quest for the
                  | Orb.
     0 | D:1      | Reached XP level 1. HP: 17/17 MP: 3/3
   284 | D:1      | Reached XP level 2. HP: 20/24 MP: 4/4
  1305 | D:2      | Reached XP level 3. HP: 14/30 MP: 5/5
  1651 | D:2      | Found Qoivis's Weapon Boutique.
  2458 | D:3      | Reached XP level 4. HP: 33/37 MP: 6/6
  2900 | D:3      | Noticed Terence
  2926 | D:3      | Gained mutation: You are dopey. (Int -2) [potion of
                  | mutation]
  2926 | D:3      | Gained mutation: You expend magic power (3 MP) to
                  | strengthen your wands. [potion of mutation]
  2934 | D:3      | Killed Terence
  3312 | D:3      | Noticed Jessica
  3317 | D:3      | Killed Jessica
  3318 | D:3      | Reached XP level 5. HP: 45/45 MP: 7/7
  3638 | D:4      | Identified a scroll of acquirement
  3638 | D:4      | Acquired the amulet "Qustialo" {RegenMP Rampage rN++ Int-3
                  | Stlth+}
  3655 | D:4      | Noticed Robin
  3676 | D:4      | HP: 2/67 [poisoned by a gnoll]
  3677 | D:4      | Succumbed to a gnoll's poison

Illustrated notes

Levels and vault maps discovered:
D:1:      minmay_arrival_split_and_join, layout_loops_ring,
          basic_ecumenical_altar, serial_bayou_lake_a
D:2:      minmay_recursive_quarters, layout_basic, serial_shops,
          nicolae_shop_statue_plus
D:3:      layout_rooms, mainiacjoe_overflow_alcove_1, general_overflow_altar,
          kennysheep_jessica_study, uniq_terence
D:4:      layout_cave_pools, kennysheep_ying_yang,
          mainiacjoe_overflow_boulevard, nicolae_shop_fire_sale
          [nicolae_sub_dead_trees], nicolae_wormholes, uniq_robin

Skill      XL: |  1  2  3  4  5 |
---------------+----------------+-----
Fighting       | 2 3 |  3.4
Dodging        | 3 4 |  4.0
Staves         | 3 4 |  4.0
Throwing       | |  1.7

Action                   |  1- 3 |  4- 6 || total
-------------------------+-------+-------++-------
Melee: Quarterstaff      |   125 |    20 ||   145
       Staff             |    29 |   101 ||   130
       Punch             |     1 |     1 ||     2
Throw: Javelin           |     1 |     3 ||     4
       Throwing net      |       |     1 ||     1
  Use: Potion            |       |     8 ||     8
       Scroll            |       |     8 ||     8
 Stab: Invisible         |       |     1 ||     1
Armor: Chain mail        |   115 |    59 ||   174
       Skin              |       |     3 ||     3
Dodge: Dodged            |    81 |    48 ||   129
